 Dungeon Crawl Stone Soup version 0.28.0-53-g5a82cb258f (webtiles) character file.

Game seed: 17725464810729549682

1087 DemonSlayer the Thaumaturge (level 8, -4/42 HPs)
             Began as a Deep Elf Fire Elementalist on Aug 12, 2022.
             Slain by Maggie
             ... wielding a +0 morningstar
              (7 damage)
             ... on level 7 of the Dungeon.
             The game lasted 00:13:36 (5953 turns).

DemonSlayer the Thaumaturge (DEFE)                  Turns: 5953, Time: 00:13:38

Health: -4/42      AC:  4    Str:  5    XL:     8   Next: 9%
Magic:  0/31       EV: 13    Int: 23    God:
Gold:   169        SH:  0    Dex: 19    Spells: 13/23 levels left

rFire   . . .      SeeInvis +   t - +2 hand axe (vorpal)
rCold   . . .      Faith    .   (no shield)
rNeg    . . .      Spirit   +   a - +0 robe
rPois   .          Reflect  .   u - +0 helmet
rElec   .          Harm     .   (no cloak)
rCorr   .          Rampage  .   i - +0 pair of gloves
Will    .....                   (no boots)
Stlth   +++.......              k - amulet of guardian spirit
HPRegen 0.14/turn               j - ring "Owinoudd" {Will- MP+9 Dex+4 SInv}
MPRegen 0.22/turn               (no ring)

@: mesmerised
A: no striking features
a: no special abilities


You were on level 7 of the Dungeon.
You visited 1 branch of the dungeon, and saw 5 of its levels.

You collected 169 gold pieces.

Inventory:

Hand Weapons
 g - a +0 hunting sling
 q - a +0 rapier of holy wrath
 t - a +2 vorpal hand axe (weapon)
Missiles
 b - 15 stones
Armour
 a - a +0 robe (worn)
 i - a +0 pair of gloves (worn)
 o - a +2 scale mail of willpower
 u - a +0 helmet (worn)
Jewellery
 j - the ring "Owinoudd" (left hand) {Will- MP+9 Dex+4 SInv}
   (You found it on level 2 of the Dungeon)

   [ring of magical power]

   Dex:       It affects your dexterity (+4).
   MP:        It affects your magic capacity (+9).
   SInv:      It lets you see invisible.
   Will:      It decreases your willpower.
 k - an amulet of guardian spirit (around neck)
Wands
 p - a wand of paralysis (6)
Scrolls
 f - a scroll of magic mapping
Potions
 e - a potion of attraction
 w - a potion of berserk rage


   Skills:
 + Level 0.7 Fighting
 + Level 2.0 Slings
 + Level 2.9 Dodging
 + Level 3.2 Stealth
 + Level 8.4 Spellcasting
 + Level 2.2 Conjurations
 + Level 7.1 Fire Magic
 + Level 1.0 Evocations


You had 13 spell levels left.
You knew the following spells:

 Your Spells              Type           Power      Damage    Failure   Level
a - Foxfire               Conj/Fire      100%       2x1d9     1%          1
b - Scorch                Fire           84%        2d9       1%          2
c - Conjure Flame         Conj/Fire      31%        6-21      3%          3
d - Flame Wave            Conj/Fire      31%        2d8       10%         4

Your spell library contained the following spells:

 Spells                   Type           Power      Damage    Failure   Level
 Inner Flame              Hex/Fire       26%        N/A       4%          3
 Gell's Gravitas          Tloc           9%         N/A       21%         3
 Teleport Other           Tloc           9%         N/A       21%         3
 Dispersal                Tloc           4%         N/A       100%        6


Dungeon Overview and Level Annotations

Branches:
Dungeon (7/15)
 Temple: D:4-7

Altars:
Fedhas
Qazlal
Wu Jian
Yredelemnul
The Shining One

Annotations:
D:7 Maggie


Message History

Maggie casts a spell.
Maggie draws you further into her thrall.
You barely miss Maggie.
Maggie is almost dead.
You hit the hound. The hound bites you. Maggie hits you with a +0 morningstar!
The hound bites you but does no damage.
You hit Maggie.
Maggie is almost dead.
You closely miss the hound. The hound bites you but does no damage.
Maggie hits you but does no damage. The hound bites you.
Maggie says, "Fear not.
I will immortalize you in the tale of my first kill."
Maggie hits you but does no damage.
You hit Maggie.
Maggie is almost dead.
You hit the hound.
You feel less wooden.
Your +0 helmet unmelds from your body.
Your +0 pair of gloves unmelds from your body.
Your +0 robe unmelds from your body.
The hound bites you. Maggie misses you. The hound barely misses you.
You hit Maggie but do no damage.
Maggie is almost dead.
You hit the hound but do no damage. The hound bites you.
Maggie hits you with a +0 morningstar!
* * * LOW HITPOINT WARNING * * *
The hound bites you.
* * * LOW HITPOINT WARNING * * *
Unknown command.
Okay, then.
You are too injured to fight recklessly!
You feel better. Maggie closely misses you. The hound closely misses you.
Okay, then.
You hit Maggie but do no damage.
Maggie is almost dead.
You hit the hound. The hound misses you. Maggie casts a spell at you.
The bolt of fire hits you!
* * * LOW HITPOINT WARNING * * *
The hound closely misses you. Maggie hits you with a +0 morningstar!
You die...

##..####...### .. #..##
###...### .# ##..#
##....### #.# #..##
###....## ..# ##..#
##....###.# #..##
###......# ##..##
##.....# #..h# ###..##
##.@## ##.## ##.@####
#..# ##.)....## #..#
#.....(..### ##.#
#$......(...## #>#
#....(....(...## #.##
#.....(.).......## #..#
#..(((((().(((...###..#
[...!.(...........##..#


You could see Maggie (mesmerising, combustible) and a hound.

Vanquished Creatures
  A black bear (D:7)
  2 orc warriors (D:7)
  An ogre (D:4)
  A bullfrog (D:4)
  A scorpion (D:4)
  A wyvern skeleton (D:7)
  3 howler monkeys
  A centaur skeleton (D:7)
  A hound (D:2)
  2 orc priests (D:7)
  Terence (D:2)
  4 orc wizards
  Ijyb (D:3)
  A hound skeleton (D:4)
  Robin (D:2)
  6 adders
  3 worms (D:2)
  A dart slug (D:1)
  11 orcs
  3 bats
  11 endoplasms
  4 giant cockroaches
  14 goblins
  8 hobgoblins
  6 kobolds
  A quokka (D:3)
  3 ball pythons
  3 frilled lizards
  4 rats
100 creatures vanquished.

Vanquished Creatures (others)
  304 foxfires
  A fungus (D:3)
305 creatures vanquished.

Grand Total: 405 creatures vanquished

Notes
Turn   | Place    | Note
-------+----------+-------------------------------------------
     0 | D:1      | DemonSlayer the Deep Elf Fire Elementalist began the quest
                  | for the Orb.
     0 | D:1      | Reached XP level 1. HP: 10/10 MP: 6/6
   372 | D:1      | Reached XP level 2. HP: 15/15 MP: 0/8
   375 | D:1      | Learned a level 2 spell: Scorch
  1316 | D:2      | Reached XP level 3. HP: 19/19 MP: 6/10
  1320 | D:2      | Learned a level 3 spell: Conjure Flame
  1864 | D:2      | Noticed Robin
  1870 | D:2      | Killed Robin
  1871 | D:2      | Reached skill level 4 in Spellcasting
  2010 | D:2      | Found a faded altar of an unknown god.
  2261 | D:2      | Reached XP level 4. HP: 24/24 MP: 12/12
  2454 | D:2      | Noticed Terence
  2461 | D:2      | Killed Terence
  2467 | D:2      | Reached skill level 5 in Fire Magic
  2544 | D:2      | Reached skill level 5 in Spellcasting
  2544 | D:2      | Reached XP level 5. HP: 28/28 MP: 4/14
  2740 | D:2      | Identified the ring "Owinoudd" {Will- MP+9 Dex+4 SInv}
  3316 | D:2      | Learned a level 4 spell: Flame Wave
  3373 | D:3      | Noticed Ijyb
  3384 | D:3      | Killed Ijyb
  3555 | D:3      | Found an ornate altar of the Wu Jian Council.
  3644 | D:3      | Found a basalt altar of Yredelemnul.
  3793 | D:3      | Found a blossoming altar of Fedhas.
  3795 | D:3      | Found a stormy altar of Qazlal.
  3956 | D:3      | Found a glowing golden altar of the Shining One.
  4123 | D:4      | Reached skill level 6 in Spellcasting
  4123 | D:4      | Reached XP level 6. HP: 31/32 MP: 10/17
  4637 | D:4      | Reached skill level 7 in Spellcasting
  4639 | D:4      | Reached XP level 7. HP: 34/36 MP: 10/19
  4772 | D:4      | You fall into a shaft and drop 3 floors!
  5178 | D:7      | Reached skill level 1 in Slings
  5732 | D:7      | Reached skill level 8 in Spellcasting
  5768 | D:7      | Noticed Maggie
  5839 | D:7      | Reached skill level 1 in Evocations
  5929 | D:7      | Reached XP level 8. HP: 26/42 MP: 12/22
  5953 | D:7      | Slain by Maggie

Illustrated notes

Levels and vault maps discovered:
D:1:      lightli_arrival_chessboard, layout_rooms
D:2:      minmay_angry_zag, layout_basic,
          chequers_ecumenical_altar_simple_redux, uniq_terence, uniq_robin
D:3:      layout_rooms, grunt_temple_overflow_forces_of_nature,
          lemuel_crystal_altar, mainiacjoe_overflow_boulevard,
          general_overflow_altar, uniq_ijyb
D:4:      layout_loops_ring
D:7:      layout_cave_pods, uniq_maggie

Skill      XL: |  1  2  3  4  5  6  7 |
---------------+----------------------+-----
Fire Magic     | 4 5 6 7 |  7.1
Spellcasting   | 4 5 6 7 8 |  8.4
Conjurations   | 2 |  2.2
Stealth        | 3 |  3.2
Slings         | 2 |  2.0
Evocations     | 1 |  1.0
Fighting       | |  0.7
Dodging        | |  2.9

Action                   |  1- 3 |  4- 6 |  7- 9 || total
-------------------------+-------+-------+-------++-------
Melee: Short sword       |    10 |     4 |       ||    14
       Unarmed           |       |       |     4 ||     4
       Hand axe          |       |       |    10 ||    10
 Fire: Hunting sling     |       |       |    39 ||    39
 Cast: Foxfire           |   129 |    68 |       ||   197
       Scorch            |       |    54 |    34 ||    88
Evoke: Wand              |       |       |    11 ||    11
  Use: Scroll            |       |     5 |     7 ||    12
       Potion            |       |     1 |     4 ||     5
 Stab: Sleeping          |     2 |       |       ||     2
Armor: Robe              |     6 |     1 |     4 ||    11
       Skin              |       |       |     8 ||     8
Dodge: Dodged            |     4 |    23 |    14 ||    41
